 Dungeon Sprint DCSS version 0.30-a0-760-g5a9884bb7c (webtiles) character file.

Game seed: 1911780368617488826

707 sircluck the Cleaver (level 7, 0/71 HPs)
             Began as a Hill Orc Fighter on Feb 10, 2023.
             Succumbed to a kobold brigand's curare-tipped dart
             ... in the Dungeon (Sprint IX: "|||||||||||||||||||||||||||||").
             The game lasted 00:02:12 (290 turns).

sircluck the Cleaver (Hill Orc Fighter)              Turns: 290, Time: 00:02:13

Health: 0/71       AC: 15    Str: 27    XL:     7   Next: 67%
Magic:  7/7        EV:  9    Int:  8    God:
Gold:   0          SH:  5    Dex: 10    Spells: 6/6 levels left

rFire   . . .      SeeInvis .    n - +3 war axe "Ylet" {vamp, rCorr}
rCold   . . .      Faith    .    c - +0 buckler
rNeg    . . .      Spirit   .    q - +1 chain mail
rPois   .          Reflect  .    (no helmet)
rElec   .          Harm     .    o - +0 cloak
rCorr   +          Rampage  .    (no gloves)
Will    .....      NoTele   +    p - +0 pair of boots Stlth
                                 (no amulet)
HPRegen 0.31/turn                r - +3 ring of strength
MPRegen 0.10/turn                s - +3 ring of strength

@: mighty, lethally poisoned (0 -> -9), hasted and slowed
A: no striking features
a: no special abilities


You were in the Dungeon.
You visited 1 branch

Inventory:

Hand Weapons
 a - a +0 war axe
 n - the +3 war axe "Ylet" (weapon) {vamp, rCorr}
   (You found it in the Dungeon)

   rCorr:     It protects you from acid and corrosion.
Armour
 b - a +0 scale mail
 c - a +0 buckler (worn)
 o - a +0 cloak (worn)
 p - a +0 pair of boots (worn)
 q - a +1 chain mail (worn)
Jewellery
 r - a +3 ring of strength (left hand)
 s - a +3 ring of strength (right hand)
Wands
 m - a wand of iceblast (10)
Scrolls
 j - 2 scrolls of blinking
 l - 2 scrolls of amnesia
Potions
 e - 5 potions of curing
 f - 3 potions of heal wounds
 h - 4 potions of magic
 i - a potion of berserk rage
 k - a potion of invisibility


   Skills:
 + Level 9.9 Fighting
 + Level 12.1 Axes
 + Level 9.6 Armour
 + Level 1.8 Dodging
 + Level 8.3 Shields


You had 6 spell levels left.
You didn't know any spells.
Your spell library was empty.

Dungeon Overview and Level Annotations

Branches:
Dungeon (1/1)

Altars:
Cheibriados
Dithmenos
Elyvilon
Fedhas
Gozag
Hepliaklqana
Kikubaaqudgha
Makhleb
Nemelex Xobeh
Okawaru
Qazlal
Ru
Sif Muna
Trog
Uskayaw
Vehumet
Wu Jian
Xom
Yredelemnul
Zin
The Shining One
Beogh
Jiyva
Lugonu


Message History

The ufetubus disappears in a puff of smoke!
The chaos spawn degenerates into a cloud of primal chaos!
The kobold brigand throws a curare-tipped dart.
You block the curare-tipped dart.
Your Axes skill gained 2 levels and is now at level 12!
Your Armour skill increases to level 9!
Your Shields skill increases to level 8!
Unknown command.
Really walk into that cloud of seething chaos?
Okay, then.
The kobold brigand hits you but does no damage.
The howler monkey hoots and howls with incredible vigour!
Items here: ) [[ †.
Okay, then.
You hit the kobold brigand.
You feel better.
The kobold brigand is lightly wounded.
The kobold brigand hits you with a +0 dagger.
* * * LOW HITPOINT WARNING * * *
The kobold brigand hits you but does no damage.
You feel yourself speed up.
The kobold brigand hits you but does no damage.
The howler monkey hoots and howls with incredible vigour!
You hear two shouts!
You hear a roar!
The kobold brigand attacks as you move away!
You block the kobold brigand's attack.
The kobold brigand attacks as you move away!
The kobold brigand hits you with a +0 dagger.
* * * LOW HITPOINT WARNING * * *
The kobold brigand attacks as you move away!
The kobold brigand hits you but does no damage.
The kobold brigand throws a curare-tipped dart.
The curare-tipped dart hits you.
You are poisoned.
You have difficulty breathing.
* * * LOW HITPOINT WARNING * * *
You feel as though you will be slow longer.
* * * LOW HITPOINT WARNING * * *
You feel very sick.
The howler monkey hoots and howls with incredible vigour!
You die...

▓_▓
▓_▓
▓_▓
▓_▓
▓_▓
▓'▓
▓.▓
▓.▓
▓@▓
▓.▓
▓.▓
▓K▓
▓l▓
▓.▓
▓)▓
▓h▓
▓.▓


You could see a wyvern, a kobold brigand and a howler monkey.

Vanquished Creatures
  A kobold demonologist (D)
  A troll (D)
  A centaur (D)
  A phantom (D)
  A hound (D)
  An iguana (D)
  A bat (D)
  A jackal (D)
  A quokka (D)
  3 ball pythons (D)
12 creatures vanquished.

Notes
Turn   | Place    | Note
-------+----------+-------------------------------------------
     0 | D        | sircluck the Hill Orc Fighter began the quest for the Orb.
     0 | D        | Reached XP level 1. HP: 19/19 MP: 1/1
    16 | D        | Reached skill level 3 in Axes
    34 | D        | Noticed an iguana
    34 | D        | Noticed a hound
    34 | D        | Noticed a centaur
    34 | D        | Noticed a phantom
    39 | D        | Killed an iguana
    40 | D        | Reached skill level 5 in Fighting
    40 | D        | Reached skill level 4 in Axes
    40 | D        | Reached XP level 2. HP: 17/29 MP: 2/2
    40 | D        | Reached XP level 3. HP: 21/36 MP: 3/3
    51 | D        | Reached skill level 5 in Axes
    51 | D        | Reached skill level 5 in Armour
    51 | D        | Reached skill level 5 in Shields
    51 | D        | Reached XP level 4. HP: 14/44 MP: 4/4
    54 | D        | Killed a centaur
    55 | D        | Reached skill level 7 in Axes
    55 | D        | Reached XP level 5. HP: 17/52 MP: 5/5
    66 | D        | Killed a phantom
    67 | D        | Reached skill level 8 in Axes
   188 | D        | Found a roughly hewn altar of Beogh.
   188 | D        | Found a snail-covered altar of Cheibriados.
   188 | D        | Found a shadowy altar of Dithmenos.
   188 | D        | Found a white marble altar of Elyvilon.
   188 | D        | Found a blossoming altar of Fedhas.
   188 | D        | Found an opulent altar of Gozag.
   189 | D        | Found a hazy altar of Hepliaklqana.
   190 | D        | Found a viscous altar of Jiyva.
   191 | D        | Found an ancient bone altar of Kikubaaqudgha.
   192 | D        | Found a corrupted altar of Lugonu.
   193 | D        | Found a burning altar of Makhleb.
   194 | D        | Found a sparkling altar of Nemelex Xobeh.
   195 | D        | Found an iron altar of Okawaru.
   196 | D        | Found a stormy altar of Qazlal.
   197 | D        | Found a sacrificial altar of Ru.
   198 | D        | Found a shimmering blue altar of Sif Muna.
   199 | D        | Found a bloodstained altar of Trog.
   200 | D        | Found a hide-covered altar of Uskayaw.
   201 | D        | Found a radiant altar of Vehumet.
   202 | D        | Found an ornate altar of the Wu Jian Council.
   203 | D        | Found a shimmering altar of Xom.
   204 | D        | Found a basalt altar of Yredelemnul.
   205 | D        | Found a glowing silver altar of Zin.
   206 | D        | Found a glowing golden altar of the Shining One.
   222 | D        | Got the +3 war axe "Ylet" {vamp, rCorr}
   258 | D        | Noticed a troll
   258 | D        | Noticed a kobold brigand
   258 | D        | Noticed a kobold demonologist
   258 | D        | Noticed a wyvern
   267 | D        | Killed a troll
   268 | D        | Reached skill level 10 in Axes
   268 | D        | Reached skill level 1 in Dodging
   268 | D        | Reached XP level 6. HP: 27/63 MP: 6/6
   268 | D        | Reached XP level 7. HP: 30/70 MP: 7/7
   278 | D        | Noticed a chaos spawn
   281 | D        | Killed a kobold demonologist
   282 | D        | Reached skill level 12 in Axes
   289 | D        | HP: 2/71 [poisoned by a kobold brigand (curare-tipped
                  | dart)]
   290 | D        | Succumbed to a kobold brigand's curare-tipped dart

Illustrated notes

Levels and vault maps discovered:
D:        linesprint [early_d, line_temple, items_1, d_10, items_2, lair_1,
          lair_end, items_3, orc_1, orc_end, items_4, d_15, swamp_1, shoals_1,
          snake_1, spider_1, d_20, vaults_1, items_5, swamp_end, shoals_end,
          snake_end, spider_end, vaults_end, d_27, items_6, zot_1, zot_end,
          crypt_end, forest_end, elf_end, slime_end, tomb_end, abyss_end,
          pan_hell_end]

Skill      XL: |  1  2  3  4  5  6  7 |
---------------+----------------------+-----
Fighting       | 5 7 9 |  9.9
Axes           | 4 5 7 10 12 | 12.1
Armour         | 4 5 6 8 9 |  9.6
Shields        | 4 5 6 7 8 |  8.3
Dodging        | 1 |  1.8

Action                     |  1- 3 |  4- 6 |  7- 9 || total
---------------------------+-------+-------+-------++-------
  Melee: War axe           |    35 |    23 |    15 ||    73
    Use: Potion            |       |     1 |     1 ||     2
 Armour: Scale mail        |    27 |    10 |       ||    37
         Chain mail        |       |     9 |     8 ||    17
  Dodge: Dodged            |    25 |    13 |     3 ||    41
  Block: Buckler           |     7 |     6 |     3 ||    16

Table legend: (Time is in decaauts)
 A = Elapsed time spent in this place.
 B = Non-inter-level travel time spent in this place.
 C = Inter-level travel time spent in this place.
 D = Time resting spent in this place.
 E = Time spent auto-exploring this place.
 F = Levels seen in this place.
 G = Mean time per level.
                   A        B        C        D        E       F      G
               +--------+--------+--------+--------+--------+-----+--------+
         Total |    307 |    307 |      0 |      0 |    121 |   1 |  307.0 |
       Dungeon |    307 |    307 |      0 |      0 |    121 |   1 |  307.0 |
               +--------+--------+--------+--------+--------+-----+--------+

Top non-repeatable levels by time:
       D: 307 daAuts
